 Dungeon Crawl Stone Soup version 0.18-a0-1649-g8d9735b (webtiles) character file.

25 namelastname112 the Skirmisher (level 2, 0/23 HPs)
             Began as a Draconian Chaos Knight on Mar 29, 2016.
             Slain by an adder (5 damage)
             ... on level 2 of the Dungeon.
             The game lasted 00:01:35 (930 turns).

namelastname112 the Skirmisher (DrCK)                Turns: 930, Time: 00:01:35

Health: 0/23       AC:  4    Str: 14    XL:     2   Next: 86%
Magic:  2/2        EV: 12    Int: 12    God:    Xom [......]
Gold:   111        SH:  0    Dex: 10    Spells: 0 memorised, 1 level left

rFire  . . .     SeeInvis .     a - +0 falchion (chaos)
rCold  . . .     Gourm    .     (armour unavailable)
rNeg   . . .     Faith    .     (no shield)
rPois  .         Spirit   .     (helmet restricted)
rElec  .         Dismiss  .     (no cloak)
rCorr  .         Reflect  .     (no gloves)
SustAt .         Harm     .     (no boots)
MR     .....     Clarity  +     f - amulet of inaccuracy (curse)
Stlth  +.........               (no ring)
                                (no ring)

@: lethally poisoned (0 -> -7), not resistant to hostile enchantments, very
unstealthy
A: unfitting armour, big wings, blurry vision 1, clarity, frail 1, cold-blooded,
AC +4
a: Fly, Renounce Religion


You were on level 2 of the Dungeon.
You worshipped Xom.
You were a very special plaything of Xom.
You were not hungry.

You visited 1 branch of the dungeon, and saw 2 of its levels.

You collected 111 gold pieces.

Inventory:

Hand Weapons
 a - a +0 falchion of chaos (weapon)
Jewellery
 f - a cursed amulet of inaccuracy (around neck)
Scrolls
 c - a scroll of enchant weapon {unknown}
 d - 4 scrolls of identify {unknown}
 h - a scroll of blinking {unknown}
 i - a scroll of amnesia {unknown}
Comestibles
 b - 2 bread rations


   Skills:
 + Level 3.5 Fighting
 * Level 3.4 Long Blades
 + Level 2.6 Dodging


You had one spell level left.
You didn't know any spells.

Dungeon Overview and Level Annotations

Branches:
Dungeon (2/15)

Altars:


Innate Abilities, Weirdness & Mutations

Your plain brown scales are hard (AC +4).
Your body does not fit into most forms of armour.
You are cold-blooded and may be slowed by cold attacks.
Your large and strong wings let you fly indefinitely.
Scrolls take you a little longer to read.
You possess an exceptional clarity of mind.
You are frail (-10% HP).


Message History

Your thoughts seem clearer.
Xom roars with laughter!
You feel sick. The adder bites you.
You are lethally poisoned!
The adder poisons you!
You closely miss the adder.
You feel sick. The adder closely misses you. x2
You hit the adder.
The adder is moderately wounded.
The adder closely misses you.
You closely miss the adder.
The adder is moderately wounded.
You feel sick. The adder completely misses you. The adder misses you.
You hit the adder but do no damage.
The adder is moderately wounded.
You feel sick. The adder bites you.
* * * LOW HITPOINT WARNING * * *
You hit the adder. You freeze the adder.
The adder seems to slow down.
The adder is heavily wounded.
The adder bites you.
You die...

##########
....§wS@§#
..######§# #§#
#.# #######.##
.........#######
######.........#
#..#####..###
#..##.......#


You could see a worm and an adder.

Vanquished Creatures
  2 dart slugs (D:1)
  A giant gecko (D:1)
  A giant cockroach (D:1)
  A goblin (D:1)
  3 hobgoblins
  3 bats (D:1)
  A giant newt (D:1)
  3 kobolds (D:1)
  5 rats (D:1)
20 creatures vanquished.

Notes
Turn   | Place    | Note
--------------------------------------------------------------
     0 | D:1      | namelastname112 the Draconian Chaos Knight began the quest for the Orb.
     0 | D:1      | Reached XP level 1. HP: 19/19 MP: 1/1
   232 | D:1      | Reached XP level 2. HP: 26/26 MP: 2/2
   530 | D:1      | XOM: harmless Trmt miscast
   592 | D:1      | XOM: silly message
   709 | D:1      | XOM: give mutation
   709 | D:1      | Gained mutation: You are frail (-10% HP). [Xom's mischief]
   921 | D:2      | XOM: smoke on damage
   925 | D:2      | Gained mutation: Your large and strong wings let you fly indefinitely. [potion of mutation]
   925 | D:2      | Gained mutation: Scrolls take you a little longer to read. [potion of mutation]
   925 | D:2      | Gained mutation: You possess an exceptional clarity of mind. [potion of mutation]
   930 | D:2      | Slain by an adder

Vault maps used:
D:1:      dpeg_arrival_renting, serial_park_tiny_2, dk_noncrumbling_3,
          st_stairs_8
D:2:      ecumenical_altar_2, first_bread, kennysheep_cross_room, uniq_robin

Action                   || total
-------------------------++-------
Melee: Falchion          ||    98
  Use: Potion            ||     2
